[Event "ICCopen2016"]
[Site "Internet Chess Club"]
[Date "2016.06.04"]
[Round "4"]
[White "cloak1"]
[Black "ponte2"]
[Result "1-0"]
[ICCResult "Black resigns"]
[WhiteElo "1769"]
[BlackElo "1349"]
[Opening "Dutch defense"]
[ECO "A92"]
[NIC "HD.02"]
[Time "14:34:37"]
[TimeControl "180+0"]

1. c4 e6 2. d4 f5 3. g3 Nf6 4. Bg2 Be7 5. Nf3 O-O 6. O-O h6 7. Nh4 Qe8 8.
Nc3 Bb4 9. Nb5 Na6 10. a3 Be7 11. d5 exd5 12. Nxf5 dxc4 13. Nxe7+ Qxe7 14.
Bf4 d6 15. Qc2 Rb8 16. Qxc4+ Kh8 17. Rac1 Be6 18. Qc3 Nd5 19. Bxd5 Bxd5 20.
Nxc7 Rxf4 21. Nxd5 Qg5 22. Nxf4 Nc5 23. b4 Ne4 24. Qf3 Rf8 25. Qxe4 h5 26.
Ng6+ {Black resigns} 1-0

[Event "ICCopen2016"]
[Site "Internet Chess Club"]
[Date "2016.06.04"]
[Round "4"]
[White "HEM"]
[Black "catman"]
[Result "0-1"]
[ICCResult "White resigns"]
[WhiteElo "1535"]
[BlackElo "1801"]
[Opening "Nimzovich-Larsen attack: modern variation"]
[ECO "A01"]
[NIC "VO.08"]
[Time "14:33:57"]
[TimeControl "180+0"]

1. b3 e5 2. Bb2 Nc6 3. e3 Nf6 4. Bb5 Bd6 5. Na3 Na5 6. Be2 c6 7. Nf3 Qe7 8.
Nc4 Nxc4 9. Bxc4 Bc7 10. d4 e4 11. Nd2 d5 12. Be2 O-O 13. c4 Re8 14. Qc2 Bf5
15. h3 Bg6 16. Rc1 a5 17. cxd5 Nxd5 18. Bc4 Nb4 19. Qb1 Qg5 20. Kf1 a4 21.
a3 Nd3 22. Bxd3 exd3 23. b4 Rxe3 24. fxe3 Qxe3 25. Nf3 d2 26. Re1 Bd3+ 27.
Qxd3 Qxd3+ {White resigns} 0-1

[Event "ICCopen2016"]
[Site "Internet Chess Club"]
[Date "2016.06.04"]
[Round "4"]
[White "Dodgy"]
[Black "BlueGoose"]
[Result "1-0"]
[ICCResult "Black resigns"]
[WhiteElo "2051"]
[BlackElo "1678"]
[Opening "Queen's gambit declined"]
[ECO "D30"]
[NIC "QO.17"]
[Time "14:35:08"]
[TimeControl "180+0"]

1. d4 e6 2. c4 d5 3. Nf3 Nf6 4. g3 Ne4 5. Bg2 f5 6. O-O c6 7. b3 Bd6 8. Ba3
Qe7 9. Bxd6 Qxd6 10. Ne5 Nd7 11. f3 Nef6 12. Nxd7 Nxd7 13. Nc3 O-O 14. e4
Qb4 15. Qd3 Nb6 16. exd5 exd5 17. cxd5 cxd5 18. f4 Qd6 19. Rae1 Bd7 20. Re5
Bc6 21. Rfe1 Rae8 22. a4 a5 23. Nb5 Bxb5 24. Qxb5 Rd8 25. Re6 {Black
resigns} 1-0

[Event "ICCopen2016"]
[Site "Internet Chess Club"]
[Date "2016.06.04"]
[Round "4"]
[White "NoPrep"]
[Black "ajedrezlento"]
[Result "0-1"]
[ICCResult "White resigns"]
[WhiteElo "2190"]
[BlackElo "1819"]
[Opening "Queen's pawn"]
[ECO "A40"]
[NIC "QO.17"]
[Time "14:33:48"]
[TimeControl "180+0"]

1. d4 a5 2. c4 g6 3. Nc3 Bg7 4. e4 d6 5. Be2 Nd7 6. Nf3 e5 7. d5 Bh6 8. O-O
Kf8 9. Bxh6+ Nxh6 10. Qd2 Kg7 11. a3 a4 12. Bd1 Nc5 13. h3 Bd7 14. Ne1 Qh4
15. f4 exf4 16. Rxf4 Qe7 17. Nf3 Rhe8 18. g4 f6 19. Bc2 Nf7 20. Rf1 Rf8 21.
Nd4 Ne5 22. Qe2 Rae8 23. h4 Rf7 24. h5 Ref8 25. Kg2 f5 26. exf5 gxf5 27.
Bxf5 Bxf5 28. Nxf5+ Rxf5 29. Rxf5 Rxf5 30. Rxf5 Qh4 31. g5 Ncd3 32. Qe4 Qxh5
33. Ne2 Ne1+ 34. Kg3 N1d3 35. Rf1 Nc5 36. Qg2 Qxg5+ 37. Kh3 Qxg2+ 38. Kxg2
Nxc4 39. Nd4 Ne3+ 40. Kf2 Nxf1 41. Kxf1 Kf6 42. Nf3 Kf5 43. Ke2 Ke4 44. Ng5+
Kxd5 45. Nxh7 Kc4 46. Kd2 Kb3 47. Kc1 Nd3+ 48. Kb1 Nxb2 49. Nf6 Kxa3 50. Ne8
Nc4 51. Nxc7 Kb3 52. Nb5 a3 53. Ka1 Kb4 54. Nd4 d5 55. Ka2 Kc3 56. Nb5+ Kc2
57. Nd4+ Kd3 58. Ne6 d4 59. Nc5+ Kc2 60. Nxb7 d3 61. Nc5 d2 62. Ne6 d1=Q 63.
Nd4+ Kd3 {White resigns} 0-1

[Event "ICCopen2016"]
[Site "Internet Chess Club"]
[Date "2016.06.04"]
[Round "4"]
[White "RLH2"]
[Black "jefferyx"]
[Result "1-0"]
[ICCResult "Black forfeits on time"]
[WhiteElo "2789"]
[BlackElo "2702"]
[Opening "English: four knights, Romanishin variation"]
[ECO "A28"]
[NIC "EO.05"]
[Time "14:33:15"]
[TimeControl "180+0"]

1. c4 e5 2. Nc3 Nf6 3. Nf3 Nc6 4. e3 Bb4 5. Qc2 Bxc3 6. bxc3 e4 7. Ng5 Qe7
8. f3 exf3 9. Nxf3 O-O 10. Bd3 b6 11. O-O Bb7 12. a4 Ne5 13. Nxe5 Qxe5 14.
Rf5 Qe6 15. c5 Ne4 16. Rf4 f5 17. cxb6 axb6 18. Qa2 Bd5 19. Qb1 Qg6 20. Bf1
Qc6 21. c4 Be6 22. Qb5 Qxb5 23. cxb5 Nc5 24. Ba3 d6 25. Bxc5 dxc5 26. Bc4
Bxc4 27. Rxc4 Rfd8 28. Ra2 Rd3 29. Kf2 Kf7 30. Ke2 Rd7 31. a5 bxa5 32. Rxc5
g6 33. Rc6 Rd5 34. Rxc7+ Kf6 35. b6 Rb8 36. Rc6+ Kg5 37. Ra4 Rb5 38. Rc7 h6
39. Rc6 R8xb6 40. Rxb6 Rxb6 41. Rxa5 Rb2 42. Ra6 Kh5 43. Rd6 g5 44. Kf3 Rb1
45. h3 Rf1+ 46. Ke2 Rg1 47. Kf2 Rd1 48. Kf3 Rf1+ 49. Ke2 Rg1 50. Kf2 Rd1 51.
d3 Rd2+ 52. Kf3 g4+ 53. hxg4+ fxg4+ 54. Kg3 Kg5 55. Rd5+
{Black forfeits on time}
1-0

[Event "ICCopen2016"]
[Site "Internet Chess Club"]
[Date "2016.06.04"]
[Round "4"]
[White "bullbuffalo"]
[Black "ChAn"]
[Result "0-1"]
[ICCResult "White forfeits on time"]
[WhiteElo "1310"]
[BlackElo "1517"]
[Opening "Polish (Sokolsky) opening"]
[ECO "A00"]
[NIC "VO.10"]
[Time "14:33:36"]
[TimeControl "180+0"]

1. b4 Nf6 2. Bb2 e6 3. a3 d5 4. e3 Be7 5. c4 a5 6. b5 O-O 7. Nf3 c5 8. Qc2
b6 9. Ng5 g6 10. h4 d4 11. h5 Nxh5 12. Rxh5 Bxg5 13. Rh2 Bf6 14. g4 Qd6 15.
Rh3 e5 16. Bg2 Ra7 17. f3 Bb7 18. Nc3 dxc3 19. Bxc3 Re8 20. O-O-O Bg5 21.
Rdh1 h6 22. Rxh6 Bxh6 23. Rxh6 Kg7 24. g5 Rh8 25. f4 Rxh6 26. Bxe5+ Qxe5 27.
fxe5 Bxg2 28. a4 Rh1+ 29. Kb2 Nd7 30. Qc3 Kg8 31. e6 fxe6 32. d4 Rh2 33. Ka3
cxd4 34. Qxd4 Nc5 35. Qd8+ Kg7 36. Qf6+ Kh7 37. e4 Bxe4 38. Qf8 Rh3+ 39. Ka2
Rf3 40. Qxc5 bxc5 41. b6 Rb7 42. Kb2 Rxb6+ {White forfeits on time} 0-1

[Event "ICCopen2016"]
[Site "Internet Chess Club"]
[Date "2016.06.04"]
[Round "4"]
[White "Heinichess"]
[Black "DaveyJones"]
[Result "1-0"]
[ICCResult "Black resigns"]
[WhiteElo "1843"]
[BlackElo "1518"]
[Opening "Alekhine's defense: exchange variation"]
[ECO "B03"]
[NIC "AL.08"]
[Time "14:33:39"]
[TimeControl "180+0"]

1. e4 Nf6 2. e5 Nd5 3. d4 d6 4. c4 Nb6 5. exd6 cxd6 6. Nc3 g6 7. Be3 Bg7 8.
Rc1 Nc6 9. Nf3 O-O 10. h3 e5 11. d5 Ne7 12. Be2 f5 13. O-O f4 14. Bxb6 axb6
15. a4 Nf5 16. Bd3 g5 17. Ne4 h6 18. b4 Kh8 19. Bb1 Bd7 20. b5 Qe7 21. Qd3
Nh4 22. Nxh4 gxh4 23. Nxd6 e4 24. Qxe4 Qxe4 25. Bxe4 Rxa4 26. f3 Bd4+ 27.
Kh2 Be3 28. Rce1 Bc5 29. Nxb7 Rxc4 30. Nxc5 Rxc5 31. Rc1 Rxc1 32. Rxc1 Bxb5
33. Rb1 Bd7 34. Rxb6 Rd8 35. Rxh6+ Kg7 36. Rxh4 Bc8 37. Rxf4 {Black resigns}
1-0

[Event "ICCopen2016"]
[Site "Internet Chess Club"]
[Date "2016.06.04"]
[Round "4"]
[White "FlashGordon"]
[Black "Deverill"]
[Result "0-1"]
[ICCResult "White checkmated"]
[WhiteElo "1395"]
[BlackElo "1256"]
[Opening "French: Tarrasch"]
[ECO "C03"]
[NIC "FR.07"]
[Time "14:33:41"]
[TimeControl "180+0"]

1. e4 e6 2. d4 d5 3. Nd2 dxe4 4. Nxe4 Bd7 5. Bd3 Bc6 6. Nf3 Nd7 7. Qe2 Ngf6
8. Ng3 Bxf3 9. Qxf3 c6 10. Bf4 Be7 11. O-O O-O 12. Nh5 Nxh5 13. Qxh5 Nf6 14.
Qe5 Rc8 15. a3 c5 16. dxc5 Rxc5 17. Qe3 a6 18. b4 Rc8 19. Rad1 Qe8 20. Qh3
Qc6 21. Be5 h6 22. Rfe1 Rfd8 23. Re3 Rd5 24. Ba1 Rh5 25. Qg3 Rg5 26. Qf4
Qxg2# {White checkmated} 0-1

[Event "ICCopen2016"]
[Site "Internet Chess Club"]
[Date "2016.06.04"]
[Round "4"]
[White "jjn"]
[Black "pawelwaw"]
[Result "1-0"]
[ICCResult "Black forfeits on time"]
[WhiteElo "1841"]
[BlackElo "1556"]
[Opening "Vienna gambit: Paulsen attack"]
[ECO "C29"]
[NIC "VG.03"]
[Time "14:34:16"]
[TimeControl "180+0"]

1. e4 e5 2. Nc3 Nf6 3. f4 d5 4. fxe5 Nxe4 5. Qf3 Nxc3 6. dxc3 Be6 7. Bf4 Bc5
8. O-O-O Nd7 9. Qg3 g6 10. Nf3 Nb6 11. Ng5 Qd7 12. Nxe6 Qxe6 13. Bg5 Be7 14.
Bb5+ c6 15. Bd3 O-O-O 16. Rde1 Rhf8 17. Rhf1 Rde8 18. Bxe7 Qxe7 19. Qh3+ Qe6
20. Qxh7 Nc4 21. Bxc4 dxc4 22. h3 Qd5 23. Qg7 Qxg2 24. Rxf7 Rxf7 25. Qxf7
Rd8 26. Qf4 Qxh3 27. e6 Re8 28. e7 Qd7 29. Qe4 g5 30. Qe5 g4 31. a4 g3 32.
Qxg3 Rxe7 33. Rxe7 {Black forfeits on time} 1-0

[Event "ICCopen2016"]
[Site "Internet Chess Club"]
[Date "2016.06.04"]
[Round "4"]
[White "WhiteMoon"]
[Black "Bubacik"]
[Result "1-0"]
[ICCResult "Black checkmated"]
[WhiteElo "2083"]
[BlackElo "2566"]
[Opening "Queen's Indian: old main line, 9.Qxc3"]
[ECO "E19"]
[NIC "QI.12"]
[Time "14:33:48"]
[TimeControl "180+0"]

1. d4 Nf6 2. Nf3 e6 3. c4 b6 4. g3 Bb7 5. Bg2 Be7 6. O-O O-O 7. Nc3 Ne4 8.
Qc2 Nxc3 9. Qxc3 f5 10. b3 Bf6 11. Bb2 d6 12. Rac1 Nd7 13. Rfd1 Nc5 14. Qc2
Ne4 15. Nd2 Bg5 16. e3 Qf6 17. d5 Qf7 18. Nxe4 fxe4 19. Bxe4 Qh5 20. dxe6
Bxe4 21. Qxe4 Rxf2 22. Qxa8+ Rf8 23. Qe4 Rf3 24. e7 Rxe3 25. e8=Q+ Qxe8 26.
Qxe8+ Rxe8 27. Re1 Be3+ 28. Kg2 c6 29. Rc2 d5 30. cxd5 cxd5 31. Rce2 Rc8 32.
Rxe3 Kf7 33. Re7+ Kg6 34. Rxg7+ Kh5 35. g4+ Kh6 36. Re6# {Black checkmated}
1-0

[Event "ICCopen2016"]
[Site "Internet Chess Club"]
[Date "2016.06.04"]
[Round "4"]
[White "Kjaan1974"]
[Black "Jemm"]
[Result "1-0"]
[ICCResult "Black forfeits on time"]
[WhiteElo "1396"]
[BlackElo "1193"]
[Opening "Vienna: Falkbeer variation"]
[ECO "C26"]
[NIC "VG.04"]
[Time "14:33:59"]
[TimeControl "180+0"]

1. e4 e5 2. Nc3 Nf6 3. h3 d6 4. Nf3 Nc6 5. a3 Be7 6. Bb5 O-O 7. Bxc6 bxc6 8.
O-O Re8 9. d4 exd4 10. Nxd4 c5 11. Nc6 Qd7 12. Nxe7+ Rxe7 13. Bg5 Bb7 14.
Bxf6 gxf6 15. Nd5 Re6 16. Qg4+ Kh8 17. Nxf6 Qe7 18. Nh5 Rg8 19. Qf4 Rxe4 20.
Qf6+ Qxf6 21. Nxf6 Rxg2+ 22. Kxg2 Rf4+ 23. f3 Rxf6 24. Rae1 h5 25. Re7 Bd5
26. Rxc7 a5 27. b3 Rg6+ 28. Kh2 Kg7 29. c4 Be6 30. Ra7 h4 31. Rxa5 Rg3 32.
Rg1 Rxg1 33. Kxg1 Bxh3 34. Kh2 Bf5 35. Ra7 Kf6 36. Rb7 Ke5 37. a4 Kd4 38.
Rxf7 Be6 39. Rf4+ Kc3 40. a5 Kxb3 41. a6 Bd7 42. a7 Bc6 43. Rxh4 Kc3 44. Rh6
{Black forfeits on time}
1-0

[Event "ICCopen2016"]
[Site "Internet Chess Club"]
[Date "2016.06.04"]
[Round "4"]
[White "JimboPi"]
[Black "Westbank"]
[Result "0-1"]
[ICCResult "White forfeits on time"]
[WhiteElo "1669"]
[BlackElo "2159"]
[Opening "Blackmar-Diemer gambit"]
[ECO "D00"]
[NIC "QP.08"]
[Time "14:33:49"]
[TimeControl "180+0"]

1. d4 d5 2. Nc3 Nf6 3. e4 dxe4 4. f3 exf3 5. Nxf3 c6 6. Bc4 Bf5 7. O-O Bg6
8. Bg5 Nbd7 9. Qe2 e6 10. Rad1 Bd6 11. h3 O-O 12. Ne5 Qc7 13. Nxd7 Nxd7 14.
Ne4 b5 15. Bb3 Nb6 16. Nxd6 Qxd6 17. c3 a5 18. Rd2 a4 19. Bc2 Nc4 20. Bxg6
Nxd2 21. Bxh7+ Kxh7 22. Qh5+ Kg8 23. Bxd2 Qd5 24. Qg4 f5 25. Qg5 Rf6 26. Rf4
Kf7 27. Rh4 f4 28. Qg4 Qf5 29. Qf3 Qd5 30. Rxf4 Qxf3 {White forfeits on
time} 0-1

[Event "ICCopen2016"]
[Site "Internet Chess Club"]
[Date "2016.06.04"]
[Round "4"]
[White "santiagoelawad"]
[Black "fisek2007"]
[Result "0-1"]
[ICCResult "White checkmated"]
[WhiteElo "1960"]
[BlackElo "2465"]
[Opening "QGD: exchange, positional line, 5...c6"]
[ECO "D35"]
[NIC "QO.16"]
[Time "14:33:24"]
[TimeControl "180+0"]

1. c4 e6 2. Nc3 d5 3. d4 Nf6 4. cxd5 exd5 5. Bg5 c6 6. Nf3 Be7 7. e3 O-O 8.
Qc2 h6 9. Bh4 Ne4 10. Bxe7 Qxe7 11. Nxe4 dxe4 12. Nd2 Bf5 13. Be2 Nd7 14.
O-O Nf6 15. Rab1 Nd5 16. a3 a5 17. Bc4 Rad8 18. Bxd5 Rxd5 19. b4 axb4 20.
axb4 Rb5 21. Qa4 Qg5 22. Rfc1 Bh3 23. g3 f5 24. Rc5 Rxc5 25. bxc5 Qh5 26.
Qd1 Bg4 27. Qf1 Be2 28. Qe1 Bb5 29. Rc1 Ra8 30. Nc4 Bxc4 31. Rxc4 Ra2 32.
Rb4 Re2 33. Qf1 Rd2 34. Rxb7 Rd1 35. Rb1 Rxf1+ 36. Rxf1 Qf3 37. Rb1 h5 38.
h4 g5 39. hxg5 Qg4 40. Rb6 h4 41. Kh2 hxg3+ 42. fxg3 Qe2+ 43. Kh3 Qxe3 44.
Rxc6 Qxd4 45. Rg6+ Kf7 46. Rf6+ Kg7 47. Rxf5 e3 48. c6 Qc4 49. Rf6 e2 50.
Re6 Qxe6+ 51. Kg2 e1=Q 52. c7 Q1e2+ 53. Kh1 Q6e4+ 54. Kg1 Q4g2#
{White checkmated}
0-1

[Event "ICCopen2016"]
[Site "Internet Chess Club"]
[Date "2016.06.04"]
[Round "4"]
[White "BlackHorse96"]
[Black "vanboy"]
[Result "1-0"]
[ICCResult "Black resigns"]
[WhiteElo "3181"]
[BlackElo "2428"]
[Opening "Queen's pawn"]
[ECO "A40"]
[NIC "QO.17"]
[Time "14:34:37"]
[TimeControl "180+0"]

1. d4 c6 2. Nc3 d5 3. Bf4 Nf6 4. e3 Bf5 5. f3 e6 6. g4 Bg6 7. h4 h6 8. Bd3
Bxd3 9. Qxd3 Bd6 10. Nge2 Bxf4 11. Nxf4 Nbd7 12. O-O-O Qc7 13. g5 Ng8 14. g6
Ne7 15. gxf7+ Kxf7 16. Rdg1 Nf8 17. h5 Rg8 18. Rg4 e5 19. Ng6 Nfxg6 20.
hxg6+ Ke8 21. Rh5 exd4 22. Qxd4 Kd7 23. Re5 Raf8 24. e4 Qd6 25. exd5 Rf6 26.
Ne4 Qb8 27. dxc6+ {Black resigns} 1-0

[Event "ICCopen2016"]
[Site "Internet Chess Club"]
[Date "2016.06.04"]
[Round "4"]
[White "olimpus"]
[Black "CristianS"]
[Result "1-0"]
[ICCResult "Black resigns"]
[WhiteElo "2677"]
[BlackElo "2081"]
[Opening "Benko's opening"]
[ECO "A00"]
[NIC "KI.78"]
[Time "14:34:23"]
[TimeControl "180+0"]

1. g3 Nf6 2. Bg2 g6 3. c4 Bg7 4. Nc3 O-O 5. d4 d6 6. e3 e5 7. Nge2 Re8 8. b3
exd4 9. Nxd4 a5 10. O-O Na6 11. Ba3 Nb4 12. Qd2 h5 13. h3 Bd7 14. Rac1 Nc6
15. c5 Nxd4 16. exd4 d5 17. Rce1 Bf5 18. Qf4 Kh7 19. Rxe8 Nxe8 20. Nxd5 Bxh3
21. Qxf7 Bxg2 22. Kxg2 c6 23. Ne7 Nf6 24. Qxg6+ Kh8 25. Nf5 Qd5+ 26. Kg1 Rg8
27. Nxg7 {Black resigns} 1-0

[Event "ICCopen2016"]
[Site "Internet Chess Club"]
[Date "2016.06.04"]
[Round "4"]
[White "chadvalley"]
[Black "BigCol"]
[Result "0-1"]
[ICCResult "White resigns"]
[WhiteElo "1235"]
[BlackElo "1755"]
[Opening "KP: Indian opening"]
[ECO "C20"]
[NIC "KP.07"]
[Time "14:34:55"]
[TimeControl "180+0"]

1. e4 e5 2. d3 Nc6 3. Nf3 d6 4. Nc3 f5 5. exf5 Bxf5 6. Be2 Nf6 7. O-O Be7 8.
Bg5 O-O 9. Bxf6 Rxf6 10. h3 Rg6 11. Nh2 Bxh3 12. Bf3 Bh4 13. Bg4 Bxg4 14.
Nxg4 Qd7 15. g3 Rxg4 16. Kg2 Nd4 17. Rh1 Be7 18. Ne4 Rf8 19. Rh3 d5 20. Nd2
Qf5 21. Qf1 Nf3 22. Nxf3 Qxf3+ 23. Kg1 Bc5 24. Qg2 Bxf2+ 25. Kh2 Bxg3+ 26.
Rxg3 Rh4+ 27. Kg1 Qxg2+ 28. Rxg2 Rf6 29. Rf1 Rxf1+ 30. Kxf1 Kf7 31. Rf2+ Rf4
32. Ke2 Rxf2+ 33. Kxf2 Kf6 34. Kf3 Kf5 35. c3 g5 36. b3 h5 37. c4 dxc4 38.
dxc4 e4+ 39. Kf2 Kf4 40. c5 e3+ 41. Ke2 g4 42. b4 g3 43. Kf1 Kf3 44. b5 g2+
45. Kg1 e2 {White resigns} 0-1

[Event "ICCopen2016"]
[Site "Internet Chess Club"]
[Date "2016.06.04"]
[Round "4"]
[White "kingmate"]
[Black "cstefan"]
[Result "1-0"]
[ICCResult "Black forfeits on time"]
[WhiteElo "2427"]
[BlackElo "1993"]
[Opening "Benko's opening"]
[ECO "A00"]
[NIC "VO.09"]
[Time "14:33:17"]
[TimeControl "180+0"]

1. g3 e5 2. Bg2 Nc6 3. d3 f5 4. a3 Nf6 5. c4 Bc5 6. e3 a5 7. Nc3 d6 8. Nge2
O-O 9. b3 Qe8 10. Bb2 f4 11. Qd2 fxe3 12. fxe3 Ng4 13. Nd1 Bd7 14. h3 Nf6
15. Ndc3 Qg6 16. O-O-O Qh6 17. d4 Ba7 18. g4 Qg6 19. Qc2 Qxc2+ 20. Kxc2 Rad8
21. d5 Ne7 22. Bc1 Ng6 23. Rhf1 h6 24. Ng3 Rf7 25. Nce4 Rdf8 26. Nxf6+ Rxf6
27. Be4 Rf2+ 28. Kd3 Nh4 29. Rxf2 Rxf2 30. Rf1 Rxf1 31. Nxf1 Kf7 32. Bd2 Bb6
33. Ng3 g6 34. b4 axb4 35. axb4 Kg7 36. Ne2 Kf6 37. Nc3 h5 38. Be1 Kg5 39.
c5 Ba7 40. c6 Bc8 41. Bh1 hxg4 42. Ne4+ Kh6 43. hxg4 bxc6 44. dxc6 g5 45.
Nf6 Be6 46. Ne8 Bb6 47. b5 Ng6 48. Nf6 Ne7 49. e4 Kg6 50. Nd5 Nxd5 51. exd5
Bxg4 52. Bc3 Bf5+ 53. Ke2 g4 54. Be1 Kh5 55. Bg3 Kg5 56. Bg2 Bg6 57. Kd2 Bf5
58. Bf1 Be4 59. Bc4 {Black forfeits on time} 1-0

[Event "ICCopen2016"]
[Site "Internet Chess Club"]
[Date "2016.06.04"]
[Round "4"]
[White "chessrex"]
[Black "dineshsharma"]
[Result "1/2-1/2"]
[ICCResult "Game drawn by repetition"]
[WhiteElo "1940"]
[BlackElo "2401"]
[Opening "French: Alapin variation"]
[ECO "C01"]
[NIC "QO.17"]
[Time "14:33:31"]
[TimeControl "180+0"]

1. d4 e6 2. e4 d5 3. Be3 dxe4 4. Nd2 Nf6 5. f3 exf3 6. Ngxf3 Nbd7 7. Bd3 c5
8. c3 b6 9. O-O Bb7 10. h3 Be7 11. Qe1 O-O 12. Bg5 cxd4 13. cxd4 h6 14. Qh4
Nd5 15. Bxe7 Qxe7 16. Qg3 Kh8 17. Rae1 N5f6 18. Ne5 Bd5 19. b3 Nxe5 20. Rxe5
Nd7 21. Rh5 f5 22. Re1 Qf7 23. Rh4 Kh7 24. Nc4 Qf6 25. Ne3 g5 26. Nxd5 exd5
27. Rh5 Rae8 28. Rf1 Qg6 29. Qf3 Kg7 30. Bxf5 Rxf5 31. Qxf5 Qxf5 32. Rxf5
Nf6 33. Rxf6 Kxf6 34. Rxh6+ Kf5 35. Rh7 Re2 36. Rxa7 Rd2 37. Rb7 Rxa2 38.
Rxb6 Rd2 39. Rd6 Rxd4 40. Kf2 g4 41. hxg4+ Kxg4 42. b4 Kf5 43. b5 Ke5 44.
Rd8 Rb4 45. Rb8 Ke4 46. b6 Rb2+ 47. Kg3 d4 48. b7 Kd3 49. Kf4 Rxg2 50. Re8
Rf2+ 51. Kg3 Rb2 52. b8=Q Rxb8 53. Rxb8 Ke2 54. Re8+ Kd2 55. Kf4 d3 56. Kf3
Kd1 57. Rc8 d2 58. Ra8 Ke1 59. Re8+ Kf1 60. Rd8 Ke1 61. Re8+ Kf1 62. Rd8 Ke1
63. Re8+ Kf1 64. Rd8 {Game drawn by repetition} 1/2-1/2

[Event "ICCopen2016"]
[Site "Internet Chess Club"]
[Date "2016.06.04"]
[Round "4"]
[White "pablopizarro"]
[Black "Tresor77"]
[Result "1-0"]
[ICCResult "Black forfeits on time"]
[WhiteElo "1953"]
[BlackElo "1480"]
[Opening "Trompowsky attack (Ruth, Opocenský opening)"]
[ECO "A45"]
[NIC "QP.07"]
[Time "14:33:23"]
[TimeControl "180+0"]

1. d4 Nf6 2. Bg5 Ne4 3. Bf4 d6 4. f3 Nf6 5. e4 Nc6 6. Nc3 g6 7. Qd2 Bg7 8.
Nge2 O-O 9. Bh6 e5 10. Bxg7 Kxg7 11. O-O-O exd4 12. Nxd4 Bd7 13. g4 Kg8 14.
h4 Qe7 15. h5 Qe5 16. Nxc6 Bxc6 17. hxg6 fxg6 18. Bc4+ d5 19. Nxd5 Bxd5 20.
Bxd5+ Nxd5 21. Qxd5+ Qxd5 22. Rxd5 Rad8 23. Rxd8 Rxd8 24. Rd1 Rf8 25. Rd3
Rf7 26. Kd2 Kg7 27. Ke3 Kf6 28. f4 h5 29. g5+ Ke6 30. Rd8 b6 31. Rg8 Rh7 32.
Rxg6+ Kf7 33. Rf6+ Kg7 34. Kf2 h4 35. Kg1 h3 36. Kh2 Rh4 37. f5 Rxe4 38. Rc6
Rh4 39. Rxc7+ Kf8 40. g6 Rf4 41. Rf7+ Kg8 42. Kxh3 Rf2 43. f6 Rxc2 44. Rb7
Rc8 45. Kg4 Kf8 46. Kf5 a5 47. g7+ {Black forfeits on time} 1-0

[Event "ICCopen2016"]
[Site "Internet Chess Club"]
[Date "2016.06.04"]
[Round "4"]
[White "Dinamit"]
[Black "LordofSwords"]
[Result "1-0"]
[ICCResult "Black resigns"]
[WhiteElo "2692"]
[BlackElo "2119"]
[Opening "Sicilian: Najdorf, 6.Bg5"]
[ECO "B94"]
[NIC "SI.04"]
[Time "14:33:45"]
[TimeControl "180+0"]

1. Nf3 c5 2. e4 d6 3. d4 cxd4 4. Nxd4 Nf6 5. Nc3 a6 6. Bg5 Nbd7 7. Qe2 Qc7
8. O-O-O b5 9. a3 Bb7 10. f4 e6 11. g4 Be7 12. Bg2 Nb6 13. Bxf6 Bxf6 14. g5
Bxd4 15. Rxd4 Nc4 16. Rhd1 Rc8 17. R4d3 Qb6 18. Kb1 b4 19. axb4 Qxb4 20. b3
Na3+ 21. Kb2 Nc4+ 22. Kb1 Na3+ 23. Ka2 Rxc3 24. Rxc3 Qxc3 25. Kxa3 O-O 26.
Qd3 Qc5+ 27. Kb2 Rc8 28. Rd2 Rc6 29. h4 g6 30. h5 Rb6 31. h6 a5 32. Qc3
Qxc3+ 33. Kxc3 Kf8 34. Rd1 Ke7 35. Ra1 Rb5 36. Kd2 Rc5 37. c3 d5 38. e5 Rb5
39. Kc2 Kd7 40. Bf1 Rc5 41. Bd3 Kc7 42. Kb2 Kb6 43. Ra3 Rc8 44. Ra1 Rc5 45.
Rd1 Rc7 46. c4 dxc4 47. Bxc4 Bf3 48. Rd8 a4 49. Rh8 axb3 50. Bxb3 f5 51.
gxf6 {Black resigns} 1-0

[Event "ICCopen2016"]
[Site "Internet Chess Club"]
[Date "2016.06.04"]
[Round "4"]
[White "Chaos23"]
[Black "SurferRosa"]
[Result "0-1"]
[ICCResult "White forfeits on time"]
[WhiteElo "1930"]
[BlackElo "2430"]
[Opening "Queen's bishop game"]
[ECO "D02"]
[NIC "QP.08"]
[Time "14:33:25"]
[TimeControl "180+0"]

1. d4 d5 2. Nf3 Nf6 3. Bf4 c5 4. e3 Nc6 5. c3 Bg4 6. Nbd2 e6 7. Be2 cxd4 8.
exd4 Bd6 9. Bg3 O-O 10. Nf1 Ne4 11. Ne3 Bh5 12. Ne5 Bxe2 13. Qxe2 Nxe5 14.
dxe5 Bc5 15. O-O Qc7 16. f4 Qb6 17. Rf3 f6 18. exf6 Rxf6 19. Kh1 Nxg3+ 20.
hxg3 Rh6+ 21. Kg1 Rf8 22. b4 Bd6 23. Rd1 Rhf6 24. Rd4 h5 25. Rf1 e5 26. Nxd5
exd4 27. Nxb6 axb6 28. cxd4 h4 29. gxh4 Bxf4 30. Rd1 Bg3 31. d5 Bf2+ 32. Kh2
Rf4 33. g3 Rf3 34. Qe6+ Kh8 35. Qe5 R8f5 36. Qb8+ Kh7 37. g4 R5f4 38. Qe5
Bg3+ 39. Kg2 Rf2+ 40. Kg1 Rf1+ 41. Rxf1 Rxf1+ 42. Kxf1 Bxe5 43. Ke2 Bd6 44.
Kf3 Kg6 45. Ke4 Kf6 46. h5 Kg5 47. Kd4 Bxb4 {White forfeits on time} 0-1

[Event "ICCopen2016"]
[Site "Internet Chess Club"]
[Date "2016.06.04"]
[Round "4"]
[White "dwibs"]
[Black "muhit"]
[Result "0-1"]
[ICCResult "White forfeits on time"]
[WhiteElo "1574"]
[BlackElo "1847"]
[Opening "English: Neo-Catalan"]
[ECO "A13"]
[NIC "QP.11"]
[Time "14:33:48"]
[TimeControl "180+0"]

1. Nf3 Nf6 2. c4 e6 3. g3 d5 4. b3 c5 5. e3 Nc6 6. Bb2 Be7 7. Bg2 O-O 8. O-O
Re8 9. Nc3 d4 10. exd4 cxd4 11. Nb5 e5 12. Re1 a6 13. Na3 Bd6 14. d3 h6 15.
Rc1 Bc5 16. Nc2 a5 17. a3 Bg4 18. h3 Bh5 19. g4 Bg6 20. Qd2 Qb6 21. b4 axb4
22. axb4 Nxb4 23. Rb1 Nxc2 24. Qxc2 Qc7 25. Nd2 Bb4 26. Bc1 Bxd2 27. Bxd2 b6
28. Bxa8 Rxa8 29. Ra1 Rxa1 30. Rxa1 e4 31. dxe4 Nxe4 32. Qd1 Qxc4 33. Qc1
Nc3 34. Ra8+ Kh7 35. Bxc3 dxc3 36. Ra3 c2 37. Re3 b5 38. h4 Qxg4+ 39. Rg3
Qxh4 40. Rxg6 fxg6 41. Qxc2 Qg4+ 42. Kf1 Qc4+ 43. Qxc4 bxc4 44. Ke2 h5 45.
Kd2 h4 46. Kc3 h3 47. Kxc4 h2 {White forfeits on time} 0-1

[Event "ICCopen2016"]
[Site "Internet Chess Club"]
[Date "2016.06.04"]
[Round "4"]
[White "DARKwizard1"]
[Black "tangent"]
[Result "1-0"]
[ICCResult "Black forfeits on time"]
[WhiteElo "2301"]
[BlackElo "1940"]
[Opening "Four knights: Scotch, 4...exd4"]
[ECO "C47"]
[NIC "VG.04"]
[Time "14:34:44"]
[TimeControl "180+0"]

1. e4 e5 2. Nc3 Nf6 3. Nf3 Nc6 4. d4 exd4 5. Nxd4 Bc5 6. Nb3 Be7 7. Be2 d6
8. O-O O-O 9. Be3 Re8 10. Qd2 Bf8 11. Rad1 Nxe4 12. Nxe4 Rxe4 13. Bf3 Re8
14. Qc3 Bd7 15. Rfe1 a6 16. a3 Rb8 17. h3 Ne5 18. Be2 b5 19. Bf4 Bf5 20. Nd4
Bd7 21. Bg3 c5 22. Nb3 Qb6 23. f4 Nc6 24. Kh2 Be6 25. Bf3 Bxb3 26. cxb3 Nd4
27. Bd5 Nf5 28. Bf2 Ne7 29. Bf3 Rbc8 30. Qd3 Nc6 31. b4 Rxe1 32. Rxe1 Rd8
33. Bxc6 {Black forfeits on time} 1-0

[Event "ICCopen2016"]
[Site "Internet Chess Club"]
[Date "2016.06.04"]
[Round "4"]
[White "Desotojags"]
[Black "austin5621499"]
[Result "1-0"]
[ICCResult "Black checkmated"]
[WhiteElo "1473"]
[BlackElo "1251"]
[Opening "English: Anglo-Dutch defense"]
[ECO "A10"]
[NIC "HD.14"]
[Time "14:34:51"]
[TimeControl "180+0"]

1. c4 f5 2. Nc3 Nf6 3. g3 e6 4. Bg2 Be7 5. d3 O-O 6. Bg5 c6 7. Bxf6 Bxf6 8.
e4 fxe4 9. dxe4 d5 10. cxd5 exd5 11. exd5 Re8+ 12. Nge2 Bxc3+ 13. bxc3 Bg4
14. f3 Bh5 15. Kf2 Nd7 16. Rf1 Ne5 17. Kg1 Rf8 18. Nf4 Bf7 19. Ne6 Qe7 20.
Nxf8 Rxf8 21. Re1 Bxd5 22. Qd4 Be4 23. Rxe4 Nxf3+ 24. Bxf3 Qg5 25. Rf1 Rd8
26. Qc4+ Kh8 27. Rf4 b5 28. Qf7 Rg8 29. Bxc6 Qc5+ 30. R1f2 Qxc6 31. Qxg8+
Kxg8 32. Rf8# {Black checkmated} 1-0